 Dungeon Crawl Stone Soup version 0.25.1-2-g60ff931df9 (webtiles) character file.

Game seed: 3370394506233014624

116 Asdor the Ducker (level 4, 21/21 HPs)
             Began as a Felid Abyssal Knight on July 27, 2020.
             Was a Follower of Kikubaaqudgha.
             Got out of the dungeon alive.
             The game lasted 00:08:30 (1548 turns).

Asdor the Ducker (Felid Abyssal Knight)             Turns: 1548, Time: 00:08:31

Health: 21/21      AC:  1    Str:  8    XL:     4   Next: 69%
Magic:  7/7        EV: 20    Int: 15    God:    Kikubaaqudgha [*.....]
Gold:   35         SH:  0    Dex: 15    Spells: 3/3 levels left
                                        Lives:  0   Deaths: 1

rFire    . . .     SeeInvis +     - Unarmed
rCold    . . .     Gourm    .   (shield unavailable)
rNeg     . . .     Faith    .   (armour unavailable)
rPois    .         Spirit   .   (helmet unavailable)
rElec    .         Reflect  .   (cloak unavailable)
rCorr    .         Harm     .   (gloves unavailable)
MR       .....                  (boots unavailable)
Stlth    +++.......             (no amulet)
HPRegen  0.07/turn              (no ring)
MPRegen  0.10/turn              (no ring)

@: quick
A: very small, no armour, no weapons or thrown items, stealth, claws 1, fangs 3,
see invisible, carnivore, speed 1, shaggy fur 1, slow metabolism 1, sharp paws
a: Receive Corpses, Renounce Religion


You escaped.
You worshipped Kikubaaqudgha.
Kikubaaqudgha was aware of your devotion.
You were not hungry.

You visited 1 branch of the dungeon, and saw 2 of its levels.
You visited the Abyss 1 time.

You collected 35 gold pieces.

Inventory:

Scrolls
 e - 2 scrolls of blinking {unknown}
 g - a scroll of magic mapping {unknown}
 h - 2 scrolls of teleportation {unknown}
 i - a scroll of enchant weapon {unknown}
Potions
 c - a potion of heal wounds
 d - a potion of lignification {unknown}
 f - a potion of haste {unknown}
Miscellaneous
 b - a lightning rod (3/4)
Comestibles
 a - 2 rations


   Skills:
 - Level 3.1 Fighting
 + Level 4.6 Dodging
 + Level 4.1 Stealth
 - Level 2.6 Unarmed Combat
 + Level 1.5 Necromancy
   Level 1.7 Invocations
 * Level 2.8 Evocations


You had 3 spell levels left.
You didn't know any spells.
Your spell library contained the following spells:

 Spells                   Type           Power        Failure   Level  Hunger
 Pain                     Necr           #...         14%         1    ##.....
 Sublimation of Blood     Necr           #.........   22%         2    ###....
 Foxfire                  Conj/Fire      #...         26%         1    ##.....
 Corpse Rot               Necr/Air       N/A          30%         2    ###....
 Vampiric Draining        Necr           #.........   41%         3    ####...
 Cause Fear               Hex            #.........   95%         4    #####..
 Dragon Form              Tmut           #.........   100%        7    #######
 Dragon's Call            Summ           #.........   100%        9    #######


Dungeon Overview and Level Annotations

Branches:
Dungeon (2/15)

Altars:
Kikubaaqudgha


Innate Abilities, Weirdness & Mutations

You cannot wear armour.
You are incapable of wielding weapons or throwing items.
Your paws allow you to move quietly. (Stealth)
You have sharp claws.
You have razor-sharp teeth.
You have supernaturally acute eyesight. (SInv)
You are carnivorous and can eat meat at any time.
You cover ground quickly.
You are covered in fur. (AC +1)
You have a slow metabolism.
Your sharp claws are effective at attacking unaware monsters.


Message History

You see here a scale mail.
You see here 5 stones.
You see here 24 stones.
You enter the shallow water.
Moving in this stuff is going to be slow.
Why would you want to do that? Why would you want to do that?
Why would you want to do that? Why would you want to do that?
Why would you want to do that? Why would you want to do that?
The gnoll throws a throwing net.
The throwing net closely misses you.
The gnoll shouts!
The gnoll closely misses you.
There is a stone staircase leading up here.
You climb upwards.
There is a stone staircase leading down here.
There is a staircase leading out of the dungeon here.
Are you sure you want to leave the Dungeon?
This will make you lose the game!
You have escaped!

########..########>###.......##.
## #..# #.# #.......... .# #..#
#.###.......##. .# #..######
#...........##. .#
#.......###.#.#.....#.##. .#
##.####...............##. .# #.#
##...........>...... .#
#.###................### .#
#.##...@.............# .#
#.#.##....8.......#..# ^#
#...##.....♣...#.##..# .##
###.##.........#.#...# ..#######
##.#.........#.#..## ........#
##..........#.#..# ..#####.#
#####.###.###.#.#..#
.######.###...#.# #.# #.#.#..#
....)....#.###..###.# #.#.#..#


There were no monsters in sight!

Vanquished Creatures
  Sigmund (D:2)
  Jessica (D:2)
  An adder (D:2)
  An ooze (D:1)
  A dart slug (D:1)
  A leopard gecko (D:1)
  A giant cockroach (D:1)
  3 goblins
  5 hobgoblins
  4 jackals (D:1)
  A bat (D:2)
  2 frilled lizards
  3 kobolds
  A rat (D:2)
26 creatures vanquished.

Notes
Turn   | Place    | Note
-------+----------+-------------------------------------------
     0 | Abyss:1  | Asdor the Felid Abyssal Knight began the quest for the Orb.
     0 | Abyss:1  | Reached XP level 1. HP: 10/10 MP: 3/3
    20 | Abyss:2  | Noticed a raiju
    20 | Abyss:2  | Noticed a raiju
    39 | Abyss:2  | Noticed a tentacled starspawn
    43 | D:1      | Escaped the Abyss
   128 | D:1      | Reached skill level 1 in Stealth
   128 | D:1      | Reached XP level 2. HP: 8/14 MP: 4/4
   487 | D:1      | Reached * piety under Lugonu
  1155 | D:2      | Reached XP level 3. HP: 15/17 MP: 5/5
  1266 | D:2      | Found a faded altar of an unknown god.
  1361 | D:2      | Fell from the grace of Lugonu
  1361 | D:2      | Became a worshipper of Kikubaaqudgha
  1361 | D:2      | Reached * piety under Kikubaaqudgha
  1361 | D:2      | Identified Kikubaaqudgha's Grimoire of Sinister Secrets
                  | (Kikubaaqudgha gifted it to you on level 2 of the Dungeon)
  1361 | D:2      | Received a gift from Kikubaaqudgha
  1438 | D:2      | Noticed Jessica
  1446 | D:2      | Killed Jessica
  1446 | D:2      | Noticed Sigmund
  1454 | D:2      | Killed Sigmund
  1454 | D:2      | Reached skill level 1 in Necromancy
  1454 | D:2      | Reached XP level 4. HP: 21/21 MP: 5/7
  1454 | D:2      | Reached XP level 5. HP: 24/24 MP: 5/8
  1489 | D:2      | Upgraded the game from 0.25.1-1-g288607f5aa to
                  | 0.25.1-2-g60ff931df9
  1508 | D:2      | Slain by a gnoll
  1509 | D:2      | Reached XP level 4. HP: -3/21 MP: 7/7
  1548 | D:$      | Got out of the dungeon alive.

Illustrated notes

Levels and vault maps discovered:
D:1:      wander_arrival_peaceful_grave, layout_loops_ring
D:2:      layout_rooms, nicolae_overflow_hidden_temple,
          chequers_ecumenical_altar_island, uniq_sigmund, uniq_jessica

Skill      XL: |  1  2  3 |
---------------+----------+-----
Stealth        | 1 2 4 |  4.1
Dodging        | 4 |  4.6
Necromancy     | 1 |  1.5
Evocations     | 2 |  2.8
Fighting       | |  3.1
Unarmed Combat | |  2.6
Invocations    | |  1.7

Action                   |  1- 3 |  4- 6 || total
-------------------------+-------+-------++-------
Melee: Unarmed           |    84 |    24 ||   108
       Bite              |     8 |     1 ||     9
       Punch             |     3 |       ||     3
Invok: Depart the Abyss  |     1 |       ||     1
Evoke: Lightning rod     |     3 |     1 ||     4
  Use: Potion            |     1 |       ||     1
 Stab: Distracted        |     1 |       ||     1
       Sleeping          |     2 |       ||     2
  Eat: Chunk             |     8 |       ||     8
Armor: Skin              |     1 |     1 ||     2
Dodge: Dodged            |    61 |    15 ||    76
